[Event "Titled Tuesday Blitz August 08 Early 2023"]
[White "Carrasco Miranda, Andres"]
[Black "Sailer, Mike"]
[WhiteFideId "3405990"]
[BlackFideId "2012901"]
[WhiteElo "2370"]
[BlackElo "2154"]
[Result "0-1"]
[Round "5"]
[TimeControl "180+1"]
[Date "2023.08.08"]
[WhiteClock "0:00:02"]
[BlackClock "0:00:07"]
[Board "213"]

1. d4 d5 2. c4 Bf5 3. cxd5 Bxb1 4. Qa4+ Qd7 5. Qxd7+ Nxd7 6. Rxb1 Ngf6 7. Nf3 Nb6 8. e3 Nbxd5 9. Bd2 Ne4 10. Bd3 Nxd2 11. Kxd2 e6 12. a3 a5 13. Rhc1 c6 14. g3 Bd6 15. Ng5 h6 16. Ne4 Be7 17. Nc5 Bxc5 18. Rxc5 Kd7 19. h4 Rhc8 20. g4 b6 21. Rcc1 c5 22. dxc5 Rxc5 23. Rxc5 bxc5 24. Bb5+ Kd6 25. f4 Rb8 26. Bc4 Nb6 27. Be2 Nd5 28. Bf3 Rb3 29. Bxd5 exd5 30. g5 h5 31. Ke2 c4 32. Kd2 Kc5 33. f5 a4 34. g6 fxg6 35. fxg6 Rb6 36. e4 d4 37. Rg1 Rxb2+ 38. Kc1 c3 39. Rg5+ Kc4 40. Rxh5 d3 41. Rd5 Rg2 42. Kb1 Rxg6 43. h5 Rg1+ 44. Ka2 d2 45. h6 gxh6 46. e5 d1=Q 47. Rxd1 Rxd1 48. e6 c2 49. e7 c1=Q 50. e8=Q Qb1# 0-1


[Site "https://www.chess.com"]

[Event "Titled Tuesday Blitz August 08 Early 2023"]
[White "Novikova, Margarita"]
[Black "Der_Balak_3Halak"]
[WhiteFideId "14109689"]
[WhiteElo "2115"]
[BlackElo "2362"]
[Result "0-1"]
[Round "5"]
[TimeControl "180+1"]
[Date "2023.08.08"]
[WhiteClock "0:00:00"]
[BlackClock "0:00:10"]
[Board "214"]

1. e4 c5 2. d3 g6 3. Be3 Bg7 4. Nc3 d6 5. Qd2 Nc6 6. g3 Nf6 7. Bh6 Bxh6 8. Qxh6 Nd4 9. Qd2 b5 10. Nd1 Bg4 11. Bg2 Rc8 12. c3 Nc6 13. Ne3 O-O 14. Nxg4 Nxg4 15. Bh3 f5 16. exf5 gxf5 17. Bxg4 fxg4 18. Qg5+ Kh8 19. Qxg4 Ne5 20. Qe2 Qb6 21. f4 Ng6 22. Nf3 e5 23. fxe5 dxe5 24. O-O-O b4 25. c4 Rce8 26. Ng5 Qa6 27. Kb1 Qf6 28. Ne4 Qg7 29. h4 Ne7 30. Ng5 Nc6 31. Rhf1 Nd4 32. Qe4 Rxf1 33. Rxf1 h6 34. Nf7+ Kg8 35. Nd6 Rf8 36. Re1 Rf2 37. Qxe5 Qxe5 38. Rxe5 Rf1+ 0-1


[Site "https://www.chess.com"]

[Event "Titled Tuesday Blitz August 08 Early 2023"]
[White "AndresDelgado77"]
[Black "Putri, Regita Desyari"]
[BlackFideId "7109083"]
[WhiteElo "2361"]
[BlackElo "2151"]
[Result "0-1"]
[Round "5"]
[TimeControl "180+1"]
[Date "2023.08.08"]
[WhiteClock "0:00:00"]
[BlackClock "0:00:05"]
[Board "215"]

1. e4 e5 2. Nc3 Nf6 3. d4 Bb4 4. dxe5 Nxe4 5. Qg4 Nxc3 6. Qxg7 Rf8 7. a3 Qe7 8. axb4 Qxb4 9. Bh6 Ne4+ 10. c3 Qc5 11. Bd3 Nxf2 12. Bc2 Nxh1 13. Nh3 Nc6 14. O-O-O b6 15. Rd5 Qe7 16. Bg5 Qe6 0-1


[Site "https://www.chess.com"]

[Event "Titled Tuesday Blitz August 08 Early 2023"]
[White "Melikhov, Evgeny V."]
[Black "Chincholimath, Halsagar"]
[WhiteFideId "4122046"]
[BlackFideId "5022487"]
[WhiteElo "2359"]
[BlackElo "2082"]
[Result "1-0"]
[Round "5"]
[TimeControl "180+1"]
[Date "2023.08.08"]
[WhiteClock "0:00:58"]
[BlackClock "0:00:00"]
[Board "216"]

1. d4 d5 2. c4 c6 3. Nc3 Nf6 4. e3 g6 5. Nf3 Bg7 6. Be2 O-O 7. O-O Bg4 8. cxd5 Nxd5 9. h3 Bxf3 10. Bxf3 Nxc3 11. bxc3 e5 12. a4 Nd7 13. a5 a6 14. Qb3 Rb8 15. Ba3 Re8 16. Bd6 e4 17. Be2 Rc8 18. Qxb7 Nf6 19. Be5 Nd5 20. Bxg7 Kxg7 21. Qxa6 Nxc3 22. Qc4 Nd5 23. a6 Qg5 24. a7 Nxe3 25. fxe3 Qxe3+ 26. Kh1 f5 27. Ra6 f4 28. Rxc6 Rxc6 29. Qxc6 f3 30. Qxe8 fxg2+ 31. Kxg2 Qxe2+ 32. Rf2 Qf3+ 33. Rxf3 1-0


[Site "https://www.chess.com"]

[Event "Titled Tuesday Blitz August 08 Early 2023"]
[White "Krzywda, Andrzej"]
[Black "Maluco_do_Natal_00"]
[WhiteFideId "1114565"]
[WhiteElo "2358"]
[BlackElo "2074"]
[Result "1-0"]
[Round "5"]
[TimeControl "180+1"]
[Date "2023.08.08"]
[WhiteClock "0:01:22"]
[BlackClock "0:00:24"]
[Board "217"]

1. e4 c5 2. Nf3 Nc6 3. d4 cxd4 4. Nxd4 Nf6 5. Nc3 e5 6. Ndb5 d6 7. Bg5 a6 8. Na3 b5 9. Nd5 Be7 10. Bxf6 Bxf6 11. c4 Qa5+ 12. Qd2 Qxd2+ 13. Kxd2 Bg5+ 14. Kc3 b4+ 15. Nxb4 Nxb4 16. Kxb4 Rb8+ 17. Kc3 Be6 18. b4 O-O 19. h4 Bd8 20. Bd3 a5 21. Nb5 axb4+ 22. Kxb4 Bb6 23. f3 Bc5+ 24. Kc3 Rfc8 25. Rab1 h5 26. Rhc1 Be3 27. Rc2 Rc5 28. a4 Ra8 29. Ra2 Ra5 30. Nxd6 Bd4+ 31. Kd2 Bf2 32. Nb7 Bxh4 33. Nxc5 Rxc5 34. a5 Bg5+ 35. Ke2 Bxc4 36. Bxc4 Rxc4 37. a6 Rc3 38. a7 Re3+ 39. Kf2 1-0


[Site "https://www.chess.com"]

[Event "Titled Tuesday Blitz August 08 Early 2023"]
[White "Semenova, Alina"]
[Black "Ai, Evan"]
[WhiteFideId "24113875"]
[BlackFideId "2094770"]
[WhiteElo "2085"]
[BlackElo "2354"]
[Result "1-0"]
[Round "5"]
[TimeControl "180+1"]
[Date "2023.08.08"]
[WhiteClock "0:00:04"]
[BlackClock "0:00:00"]
[Board "218"]

1. e4 c5 2. Nf3 d6 3. d4 cxd4 4. Nxd4 Nf6 5. Nc3 a6 6. f3 e5 7. Nb3 Be6 8. Be3 Be7 9. Qd2 O-O 10. O-O-O Nbd7 11. g4 b5 12. g5 Nh5 13. Nd5 Bxd5 14. exd5 Nb6 15. Na5 Qc7 16. Nc6 Nc4 17. Bxc4 bxc4 18. Qc3 f5 19. gxf6 Rxf6 20. Bg5 Rxf3 21. Qxf3 Bxg5+ 22. Kb1 Nf6 23. Qc3 Ne4 24. Qxc4 Nd2+ 25. Rxd2 Bxd2 26. Nxe5 Qb6 27. Nd3 Rb8 28. Rf1 Be3 29. Qc6 Qd8 30. Re1 Bd4 31. c3 Bf6 32. Re6 Qa5 33. Re8+ Kf7 34. Rxb8 1-0


[Site "https://www.chess.com"]

[Event "Titled Tuesday Blitz August 08 Early 2023"]
[White "Mangialardo, Tiago Carvalho"]
[Black "Nithyalakshmi, Sivanesan"]
[WhiteFideId "2130718"]
[BlackFideId "5706955"]
[WhiteElo "2074"]
[BlackElo "2342"]
[Result "0-1"]
[Round "5"]
[TimeControl "180+1"]
[Date "2023.08.08"]
[WhiteClock "0:00:00"]
[BlackClock "0:00:10"]
[Board "219"]

1. e4 e6 2. d4 d5 3. exd5 exd5 4. c4 c6 5. Nc3 Nf6 6. Nf3 Bg4 7. Be2 dxc4 8. Bxc4 Be7 9. O-O Nbd7 10. Re1 O-O 11. Bg5 h6 12. Bh4 Nb6 13. Bd3 Re8 14. Bc2 Bxf3 15. Qxf3 Qxd4 16. Bg3 Bc5 17. Rad1 Rxe1+ 18. Rxe1 Nbd5 19. Rd1 Qb4 20. Nxd5 Nxd5 21. Qd3 g6 22. Be5 Re8 23. a3 Qb6 24. Bg3 Qxb2 25. Bb3 Qe2 26. Qxe2 Rxe2 27. h4 Nc3 28. Rd3 Ne4 29. Bf4 Bxf2+ 30. Kh2 Bxh4 31. Kh3 Bf6 32. Bd1 Re1 0-1


[Site "https://www.chess.com"]

[Event "Titled Tuesday Blitz August 08 Early 2023"]
[White "sasvathaa"]
[Black "Amanov, Zhanibek"]
[BlackFideId "13700189"]
[WhiteElo "2030"]
[BlackElo "2342"]
[Result "0-1"]
[Round "5"]
[TimeControl "180+1"]
[Date "2023.08.08"]
[WhiteClock "0:00:16"]
[BlackClock "0:00:27"]
[Board "220"]

1. d4 d5 2. Nf3 Nf6 3. Bf4 Bf5 4. e3 e6 5. c3 c6 6. Bd3 Bxd3 7. Qxd3 Bd6 8. Bxd6 Qxd6 9. Ne5 Nbd7 10. f4 Ne4 11. Nd2 f5 12. O-O O-O 13. Qc2 Nxe5 14. fxe5 Qe7 15. Nxe4 fxe4 16. Rxf8+ Rxf8 17. Rf1 Rxf1+ 18. Kxf1 b5 19. a3 a5 20. Kg1 h6 21. h3 Kh7 22. a4 b4 23. c4 Qg5 24. Kf2 Qh4+ 25. Kf1 Qg3 26. cxd5 cxd5 27. Qf2 Qg6 28. Qe2 Qe8 29. Qb5 Qc8 30. Qxa5 Qc1+ 31. Kf2 Qxb2+ 32. Kg3 Qa3 33. Kf2 b3 34. Qb5 b2 35. a5 Qa2 36. Kg3 b1=Q 37. Qxb1 Qxb1 38. a6 Qa2 39. a7 Qxa7 40. Kf4 Qa3 41. g4 g5+ 0-1


[Site "https://www.chess.com"]

[Event "Titled Tuesday Blitz August 08 Early 2023"]
[White "Wisniowski, Natalie"]
[Black "Lopez Gracia, Fernando"]
[WhiteFideId "30929261"]
[BlackFideId "2207184"]
[WhiteElo "2025"]
[BlackElo "2335"]
[Result "0-1"]
[Round "5"]
[TimeControl "180+1"]
[Date "2023.08.08"]
[WhiteClock "0:00:01"]
[BlackClock "0:01:44"]
[Board "221"]

1. e4 c5 2. d4 e6 3. Nf3 cxd4 4. Nxd4 Nf6 5. Bd3 Nc6 6. Be3 d5 7. exd5 Nxd5 8. Nf3 Nxe3 9. fxe3 Qb6 10. O-O Qxe3+ 11. Kh1 Be7 12. Nbd2 O-O 13. Nc4 Qh6 14. Qe2 b5 15. Nce5 Nxe5 16. Qxe5 a6 17. Qe4 Ra7 18. Ne5 Bb7 19. Qd4 Raa8 20. Ng4 Qg5 21. Rg1 Rfd8 22. Qe5 Qxg4 23. Raf1 Bd6 24. Qe3 Qh5 25. h3 Bc5 26. Qg3 Bxg1 27. Kxg1 Rxd3 28. cxd3 Qg6 29. Qf2 Rd8 30. Kh1 Rxd3 31. Qa7 Qxg2# 0-1


[Site "https://www.chess.com"]

[Event "Titled Tuesday Blitz August 08 Early 2023"]
[White "Nayak Rajesh"]
[Black "Tharushi, T H D Niklesha"]
[WhiteFideId "35017152"]
[BlackFideId "9918264"]
[WhiteElo "2335"]
[BlackElo "2016"]
[Result "1/2-1/2"]
[Round "5"]
[TimeControl "180+1"]
[Date "2023.08.08"]
[WhiteClock "0:00:12"]
[BlackClock "0:00:11"]
[Board "222"]

1. b3 Nf6 2. Bb2 e6 3. h4 d5 4. h5 h6 5. e3 c5 6. Nf3 Nc6 7. Bb5 Bd7 8. Qe2 Bd6 9. d3 Qc7 10. Nbd2 a6 11. Bxc6 Bxc6 12. e4 dxe4 13. dxe4 Be7 14. O-O-O O-O-O 15. a4 Qf4 16. Rh4 Qc7 17. e5 Nd5 18. Rg4 Rhg8 19. Nc4 b5 20. axb5 axb5 21. Nd6+ Bxd6 22. exd6 Rxd6 23. Be5 Qd7 24. Bxd6 Qxd6 25. c4 Nf4 26. Rxd6 Nxe2+ 27. Kd2 Bxf3 28. gxf3 Nd4 29. cxb5 Kc7 30. Ra6 Nxb5 31. Rc4 Kb7 32. Ra5 Kb6 33. Ra1 Nd4 34. Kc3 Nxf3 35. Rca4 Ne5 36. Ra8 Rxa8 37. Rxa8 Ng4 38. Rg8 g5 39. hxg6 fxg6 40. Rxg6 Nxf2 41. Rxe6+ Kb5 42. Rxh6 Ne4+ 43. Kb2 c4 44. Re6 Nc5 45. Re5 cxb3 46. Kc3 b2 47. Kxb2 Kc4 48. Kc2 Kd4 49. Re8 Ne4 50. Re7 Nc5 51. Kd2 Ne4+ 52. Kc2 Nc5 53. Rc7 Ne4 54. Rd7+ Ke5 55. Kd3 Nc5+ 56. Kc4 Nxd7 1/2-1/2


[Site "https://www.chess.com"]

[Event "Titled Tuesday Blitz August 08 Early 2023"]
[White "Osinovsky, Stepan"]
[Black "cthake"]
[WhiteFideId "4157354"]
[WhiteElo "2324"]
[BlackElo "1826"]
[Result "1-0"]
[Round "5"]
[TimeControl "180+1"]
[Date "2023.08.08"]
[WhiteClock "0:00:33"]
[BlackClock "0:00:00"]
[Board "223"]

1. Nf3 e6 2. g3 f5 3. Bg2 Nf6 4. O-O Be7 5. d3 O-O 6. Nbd2 c6 7. e4 fxe4 8. dxe4 d5 9. Qe2 Bd7 10. Re1 Re8 11. e5 Nh5 12. Nf1 g6 13. h4 c5 14. N1h2 Nc6 15. Ng4 Rf8 16. Bh6 Rf5 17. Rad1 a6 18. c4 d4 19. Kh2 Ng7 20. Ng5 b5 21. Bxg7 Kxg7 22. Bxc6 Bxg5 23. Bxa8 Qxa8 24. hxg5 Bc6 25. f4 Bf3 26. Nh6 Bxe2 27. Rxe2 Qf3 28. Rdd2 Rf8 29. Rf2 Qe3 30. cxb5 axb5 31. Ng4 Qe4 32. Nf6 Qb1 33. a3 Qa2 34. Nd7 Rc8 35. Kh3 Qd5 36. Nf6 Qd8 37. Kg4 c4 38. Rh2 c3 39. Rxh7+ Kf8 40. Rdh2 1-0


[Site "https://www.chess.com"]

[Event "Titled Tuesday Blitz August 08 Early 2023"]
[White "Saim, Mohamed Ilias"]
[Black "MateoReyes"]
[WhiteFideId "7900465"]
[WhiteElo "1990"]
[BlackElo "2453"]
[Result "0-1"]
[Round "5"]
[TimeControl "180+1"]
[Date "2023.08.08"]
[WhiteClock "0:00:51"]
[BlackClock "0:02:06"]
[Board "224"]

1. c4 e5 2. g3 Nc6 3. Bg2 Bc5 4. e3 a6 5. Nc3 d6 6. Nge2 h5 7. d4 Ba7 8. h4 Nge7 9. O-O Bg4 10. Qa4 O-O 11. b4 exd4 12. exd4 Nxd4 13. Nf4 Rb8 14. Be3 c5 15. b5 Bb6 16. Rab1 axb5 17. Nxb5 Ra8 18. Qd1 Bxd1 0-1


[Site "https://www.chess.com"]

[Event "Titled Tuesday Blitz August 08 Early 2023"]
[White "Mikhaylova, Irina"]
[Black "Stork, Oliver"]
[WhiteFideId "4109040"]
[BlackFideId "12955728"]
[WhiteElo "2250"]
[BlackElo "2385"]
[Result "1-0"]
[Round "5"]
[TimeControl "180+1"]
[Date "2023.08.08"]
[WhiteClock "0:00:55"]
[BlackClock "0:01:57"]
[Board "225"]

1. d4 Nf6 2. Nf3 d5 3. c4 e6 4. Nc3 Bb4 5. Bg5 h6 6. Bxf6 Qxf6 7. cxd5 exd5 8. Rc1 O-O 9. a3 Bd6 10. Nxd5 Qf5 11. Nc3 b6 12. e4 Qg4 13. h3 Qg6 14. e5 Re8 15. Bd3 Bf5 16. Nh4 1-0


[Site "https://www.chess.com"]

[Event "Titled Tuesday Blitz August 08 Early 2023"]
[White "Buscar, Michael"]
[Black "Joshi, Pankaj"]
[WhiteFideId "2603616"]
[BlackFideId "5006210"]
[WhiteElo "2380"]
[BlackElo "2221"]
[Result "1/2-1/2"]
[Round "5"]
[TimeControl "180+1"]
[Date "2023.08.08"]
[WhiteClock "0:00:32"]
[BlackClock "0:01:14"]
[Board "226"]

1. e4 c6 2. Nf3 d5 3. Nc3 dxe4 4. Nxe4 Nf6 5. Ng3 Bg4 6. h3 Bxf3 7. Qxf3 e6 8. Bc4 Bd6 9. d3 O-O 10. Bg5 Be7 11. O-O-O Nd5 12. Bxe7 Qxe7 13. Bxd5 cxd5 14. Kb1 Nc6 15. Rhe1 Rac8 16. Qg4 Qb4 17. f4 Nd4 18. Nh5 g6 19. a3 Qa4 20. Nf6+ Kg7 21. Nh5+ Kg8 22. Nf6+ Kg7 23. Nh5+ Kg8 1/2-1/2


[Site "https://www.chess.com"]

[Event "Titled Tuesday Blitz August 08 Early 2023"]
[White "Thiel, Thomas"]
[Black "Polaczek, Richard"]
[WhiteFideId "4615964"]
[BlackFideId "200026"]
[WhiteElo "2214"]
[BlackElo "2380"]
[Result "0-1"]
[Round "5"]
[TimeControl "180+1"]
[Date "2023.08.08"]
[WhiteClock "0:00:00"]
[BlackClock "0:00:07"]
[Board "227"]

1. e4 Nf6 2. e5 Nd5 3. d4 d6 4. c4 Nb6 5. exd6 cxd6 6. Nc3 g6 7. Be3 Bg7 8. Rc1 O-O 9. b3 d5 10. c5 Nc6 11. cxb6 e5 12. Nf3 Bg4 13. Ne2 Bxf3 14. gxf3 Qxb6 15. dxe5 Nxe5 16. Bg2 Qa5+ 17. Bd2 Nd3+ 18. Kf1 Qxa2 19. Rc2 Qxb3 20. Bc3 Nb4 21. Rd2 Qxd1+ 22. Rxd1 Bxc3 23. Nxc3 Rfc8 24. Nxd5 Nxd5 25. Rxd5 Rc1+ 26. Ke2 Rc2+ 27. Rd2 Re8+ 28. Kd3 Rc5 29. f4 b5 30. Kd4 Rc4+ 31. Kd3 Rxf4 32. Bd5 Re5 33. Bc6 a5 34. Rc1 Rh4 35. f3 Rf4 36. Be4 f5 37. Rc8+ Kg7 38. Rc7+ Kh6 39. Ke3 Rh4 40. Kd4 Re8 41. Kc5 fxe4 42. fxe4 Re5+ 43. Kb6 a4 44. Rdd7 Rhxe4 45. Rxh7+ Kg5 46. Rc5 Rxc5 47. Kxc5 b4 48. Rb7 a3 0-1


[Site "https://www.chess.com"]

[Event "Titled Tuesday Blitz August 08 Early 2023"]
[White "Stachanczyk, Jacek"]
[Black "Kiseljova, Marya"]
[WhiteFideId "1116657"]
[BlackFideId "4155009"]
[WhiteElo "2343"]
[BlackElo "2206"]
[Result "1/2-1/2"]
[Round "5"]
[TimeControl "180+1"]
[Date "2023.08.08"]
[WhiteClock "0:00:56"]
[BlackClock "0:00:58"]
[Board "228"]

1. c4 e5 2. g3 Nf6 3. Bg2 Bc5 4. Nc3 O-O 5. e3 c6 6. Nge2 d5 7. cxd5 cxd5 8. d4 exd4 9. exd4 Bb4 10. O-O Nc6 11. Bg5 Be6 12. Nf4 Bxc3 13. Nxe6 fxe6 14. bxc3 h6 15. Bf4 Na5 16. Re1 Qd7 17. Bh3 Rfe8 18. Qe2 Kf7 19. Qf3 Nc4 20. Re2 Rac8 21. Rae1 Rc6 22. Be5 Qd8 23. Qf4 Kg8 24. Bxf6 Qxf6 25. Qxf6 gxf6 26. Bxe6+ Kg7 27. Bxd5 Rxe2 28. Rxe2 Rc7 29. Bxc4 Rxc4 30. Re7+ Kg6 31. Rxb7 Rxc3 32. Rxa7 Rd3 33. Rb7 Rxd4 34. Rb1 Ra4 35. Rb2 Ra3 36. f3 Rxf3 37. Kg2 Ra3 38. Kf2 Kf5 39. Kg2 h5 40. h3 Kg5 41. Kf2 f5 42. h4+ Kg4 43. Rb4+ Kh3 44. Rb5 Rxa2+ 45. Kf3 Ra3+ 46. Kf4 Rxg3 47. Rxf5 Rg4+ 48. Kf3 Kxh4 49. Kf2 Rg7 50. Kf1 Kg4 51. Rf8 Kh3 52. Kf2 h4 53. Kf1 Kh2 54. Kf2 h3 55. Kf1 Rg1+ 56. Kf2 Rg2+ 57. Kf1 Kg3 58. Rg8+ Kf3 59. Rxg2 hxg2+ 60. Kg1 Kg3 1/2-1/2


[Site "https://www.chess.com"]

[Event "Titled Tuesday Blitz August 08 Early 2023"]
[White "Villuendas Valero, Adrian"]
[Black "Petersson, Kjell"]
[WhiteFideId "2262460"]
[BlackFideId "1705148"]
[WhiteElo "2317"]
[BlackElo "2199"]
[Result "1-0"]
[Round "5"]
[TimeControl "180+1"]
[Date "2023.08.08"]
[WhiteClock "0:00:05"]
[BlackClock "0:00:00"]
[Board "229"]

1. e4 c5 2. c3 d5 3. exd5 Qxd5 4. d4 Nc6 5. Nf3 cxd4 6. cxd4 e5 7. dxe5 Qxd1+ 8. Kxd1 Bg4 9. Bf4 O-O-O+ 10. Nd2 Bxf3+ 11. gxf3 Bb4 12. Bh3+ Kb8 13. e6+ Ka8 14. exf7 Nge7 15. a3 Bxd2 16. Bxd2 Nd4 17. Bc3 Nb3+ 18. Ke2 Nxa1 19. Rxa1 Rhf8 20. Be6 Nd5 21. Be5 Nf6 22. Rg1 Rde8 23. fxe8=R+ Rxe8 24. Bxf6 Rxe6+ 25. Kf1 Rxf6 26. Rxg7 a5 27. Rxh7 Rxf3 28. Ke2 Rb3 29. h4 Rxb2+ 30. Kf1 Rb1+ 31. Kg2 Rb3 32. h5 Rxa3 33. h6 Ra4 34. Kg3 Ra1 35. Rg7 Rh1 36. h7 Ka7 37. f4 a4 38. f5 a3 39. Rg4 b5 40. Rh4 Rg1+ 41. Kf4 Rf1+ 42. Kg5 Rg1+ 43. Kh6 a2 44. h8=Q a1=Q 45. Qxa1+ Rxa1 46. f6 Rf1 47. Kg7 Rg1+ 48. Kf8 1-0


[Site "https://www.chess.com"]

[Event "Titled Tuesday Blitz August 08 Early 2023"]
[White "Skiadopoulos, Nikolaos"]
[Black "Kohler, Aran"]
[WhiteFideId "4200772"]
[BlackFideId "1002856"]
[WhiteElo "1884"]
[BlackElo "2253"]
[Result "0-1"]
[Round "5"]
[TimeControl "180+1"]
[Date "2023.08.08"]
[WhiteClock "0:00:00"]
[BlackClock "0:00:58"]
[Board "230"]

1. e4 c6 2. d4 d5 3. e5 c5 4. dxc5 e6 5. a3 Bxc5 6. b4 Bb6 7. Qg4 Ne7 8. Qxg7 Rg8 9. Qxh7 Qc7 10. Nf3 Nbc6 11. Bf4 Bd7 12. Qd3 O-O-O 13. Bg3 Kb8 14. Be2 Nf5 15. O-O Nxg3 16. hxg3 Rxg3 17. c4 Nxe5 18. Qh7 Rdg8 19. Nh4 R3g7 20. Qh5 Nxc4 21. Nc3 a6 22. Rac1 Ka8 23. Bxc4 dxc4 24. Ne4 Qf4 25. Nc5 Bc6 0-1


[Site "https://www.chess.com"]

[Event "Titled Tuesday Blitz August 08 Early 2023"]
[White "Pumpkin_in_moonlight"]
[Black "Vaibhav, Suri"]
[BlackFideId "5045185"]
[WhiteElo "2153"]
[BlackElo "2712"]
[Result "0-1"]
[Round "5"]
[TimeControl "180+1"]
[Date "2023.08.08"]
[WhiteClock "0:00:00"]
[BlackClock "0:00:16"]
[Board "231"]

1. e4 Nf6 2. e5 Nd5 3. d4 d6 4. c4 Nb6 5. exd6 cxd6 6. Nc3 g6 7. Be3 Bg7 8. Rc1 O-O 9. b3 Nc6 10. h3 e5 11. Nf3 Qe7 12. Be2 e4 13. Nh2 f5 14. d5 Ne5 15. Qd2 Bd7 16. Bg5 Bf6 17. h4 Rae8 18. O-O Nf7 19. Bxf6 Qxf6 20. g3 Re7 21. Rfe1 Ne5 22. Bf1 Be8 23. Qg5 Qg7 24. Rcd1 h6 25. Qc1 g5 26. hxg5 hxg5 27. Bg2 Bh5 28. Rd2 Nbd7 29. Rc2 Nd3 30. Qd2 N7e5 31. Rf1 Qh6 32. Ne2 Bxe2 33. Qxe2 Rh7 34. Rb1 Qxh2+ 35. Kf1 g4 36. Qe3 Nf3 37. Ke2 Qh5 0-1


[Site "https://www.chess.com"]

[Event "Titled Tuesday Blitz August 08 Early 2023"]
[White "Orlov, Georgi"]
[Black "Samarth J Rao"]
[WhiteFideId "2011271"]
[BlackFideId "46652370"]
[WhiteElo "2559"]
[BlackElo "2174"]
[Result "1-0"]
[Round "5"]
[TimeControl "180+1"]
[Date "2023.08.08"]
[WhiteClock "0:00:46"]
[BlackClock "0:00:03"]
[Board "232"]

1. d4 d5 2. Nf3 e6 3. c4 c5 4. cxd5 cxd4 5. g3 exd5 6. Nxd4 Nf6 7. Bg2 Be7 8. Nc3 O-O 9. O-O Nc6 10. Bg5 Be6 11. Rc1 Rc8 12. Nxe6 fxe6 13. Bh3 Qd7 14. Qa4 h6 15. Bf4 Bd6 16. Bxd6 Qxd6 17. Nb5 Qd7 18. Nd4 Nxd4 19. Qxd4 Ne4 20. f4 a6 21. Bg2 Nf6 22. e4 dxe4 23. Qxd7 Nxd7 24. Bxe4 e5 25. Rxc8 Rxc8 26. Bxb7 Rc2 27. Bxa6 Rxb2 28. Bc4+ Kh7 29. Rf2 Rb1+ 30. Kg2 e4 31. Re2 Nf6 32. h3 Rc1 33. Be6 Rc6 34. Bf5+ g6 35. Bxe4 Nxe4 36. Rxe4 Rc2+ 37. Kf3 Rxa2 38. Re7+ Kg8 39. Kg4 Ra3 40. Kh4 g5+ 41. fxg5 hxg5+ 42. Kg4 Ra5 43. Kf3 Kf8 44. Rd7 Kg8 45. Ke4 Kf8 46. Rd5 Ra3 47. Rf5+ Ke7 48. Rxg5 Kf6 49. h4 Ra4+ 50. Kf3 Ra3+ 51. Kg4 Ra1 52. Kh5 Ra4 53. Rg6+ Kf5 54. g4+ Ke5 55. Kh6 Ra8 56. h5 Kf4 57. Kh7 Ra7+ 58. Rg7 Ra8 59. h6 Ke5 60. g5 Kf5 61. g6 Rf8 62. Rf7+ 1-0


[Site "https://www.chess.com"]

[Event "Titled Tuesday Blitz August 08 Early 2023"]
[White "LLariMarc"]
[Black "Mirzanurov, Bulat"]
[BlackFideId "4184521"]
[WhiteElo "2323"]
[BlackElo "2156"]
[Result "0-1"]
[Round "5"]
[TimeControl "180+1"]
[Date "2023.08.08"]
[WhiteClock "0:01:32"]
[BlackClock "0:00:46"]
[Board "233"]

1. d4 d5 2. Nf3 Nf6 3. Bg5 c5 4. e3 e6 5. c3 Nc6 6. Nbd2 h6 7. Bh4 Be7 8. Bd3 O-O 9. Qe2 a6 10. O-O Nd7 11. Bxe7 Qxe7 12. e4 dxe4 13. Qxe4 Nf6 14. Qe2 cxd4 15. cxd4 Rd8 16. Nb3 Nb4 17. Bb1 Nbd5 18. Ne5 a5 19. Re1 a4 20. Nc5 Qd6 21. Be4 b6 22. Bxd5 Qxd5 23. Ncd3 Bb7 24. Nf3 Rac8 25. Nde5 Nd7 26. Nxd7 Rxd7 27. Rac1 Rdc7 28. Rxc7 Rxc7 29. Qd2 Qf5 30. Ne5 Bd5 31. Rc1 Rxc1+ 32. Qxc1 f6 33. Nd7 Qg4 34. Qc8+ Kf7 35. Qf8+ Kg6 36. Qe8+ Kf5 37. f3 Bxf3 38. g3 Qh3 39. g4+ Qxg4+ 40. Kf2 Qg2+ 41. Ke3 Qe2# 0-1


[Site "https://www.chess.com"]

[Event "Titled Tuesday Blitz August 08 Early 2023"]
[White "rikchessmx"]
[Black "Stangl, Anita, Dr."]
[BlackFideId "4608801"]
[WhiteElo "2316"]
[BlackElo "2152"]
[Result "1-0"]
[Round "5"]
[TimeControl "180+1"]
[Date "2023.08.08"]
[WhiteClock "0:02:27"]
[BlackClock "0:02:32"]
[Board "234"]

1. e4 e6 2. d4 d5 3. Nc3 Nf6 4. Bg5 Be7 5. e5 Nfd7 6. h4 Bxg5 7. hxg5 Qxg5 8. Nh3 Qe7 9. Qg4 g6 10. Ng5 h5 11. Qf4 a6 12. O-O-O c5 13. dxc5 Nc6 14. Rxd5 exd5 15. Nxd5 Qxc5 16. Qxf7+ Kd8 17. Ne6# 1-0


[Site "https://www.chess.com"]

[Event "Titled Tuesday Blitz August 08 Early 2023"]
[White "Tarnowska, Aleksandra"]
[Black "Tosic, Srecko"]
[WhiteFideId "1180967"]
[BlackFideId "924563"]
[WhiteElo "2150"]
[BlackElo "2311"]
[Result "1-0"]
[Round "5"]
[TimeControl "180+1"]
[Date "2023.08.08"]
[WhiteClock "0:00:04"]
[BlackClock "0:00:00"]
[Board "235"]

1. e4 e6 2. d4 d5 3. Nd2 Nf6 4. e5 Nfd7 5. Bd3 c5 6. c3 Nc6 7. Ne2 cxd4 8. cxd4 f6 9. exf6 Qxf6 10. Nf3 h6 11. O-O Bd6 12. Ng3 O-O 13. Nh5 Qe7 14. Bb1 Rd8 15. Qd3 Nf8 16. Bf4 Bxf4 17. Nxf4 Qf7 18. Nh3 Bd7 19. a3 Rac8 20. Re1 Qf6 21. Ne5 Be8 22. Bc2 Nxd4 23. Ng4 Qf5 24. Qxd4 Rxc2 25. Re5 Qg6 26. Rae1 Rdc8 27. Ne3 Rc1 28. Nf1 Rxe1 29. Rxe1 Bf7 30. Qxa7 Rc2 31. Qxb7 d4 32. Nf4 Qf5 33. Qf3 Rxb2 34. Ng3 Qa5 35. Rd1 e5 36. Nfh5 Ng6 37. Qg4 Kh7 38. Nf5 Rd2 39. Rf1 Qxa3 40. Nhxg7 Be6 41. h3 Bxf5 42. Nxf5 Qf8 43. Qh5 Qf6 44. Qxh6+ Kg8 45. Ng3 Qg7 46. Qxd2 1-0


[Site "https://www.chess.com"]

[Event "Titled Tuesday Blitz August 08 Early 2023"]
[White "LuxLinster"]
[Black "Floresvillar Gonzalez, Luis Migu"]
[BlackFideId "5100542"]
[WhiteElo "2284"]
[BlackElo "2142"]
[Result "0-1"]
[Round "5"]
[TimeControl "180+1"]
[Date "2023.08.08"]
[WhiteClock "0:00:00"]
[BlackClock "0:00:05"]
[Board "236"]

1. d4 Nf6 2. c4 e5 3. dxe5 Ng4 4. e3 Nxe5 5. f4 Ng6 6. Nc3 Bc5 7. Nf3 Nc6 8. Bd3 O-O 9. O-O Nxf4 10. Bc2 Ng6 11. Kh1 a5 12. e4 d6 13. Nd5 Nce5 14. Bg5 f6 15. Bd2 c6 16. Nc3 Bg4 17. Qe2 Qd7 18. Rad1 Rae8 19. Be3 Qe6 20. b3 Bxe3 21. Qxe3 Nxf3 22. gxf3 Bh3 23. Rg1 Qe5 24. Rg3 Bc8 25. Qd4 Qxd4 26. Rxd4 Rd8 27. Rg1 Kf7 28. Rgd1 Ke7 29. Kg2 Rfe8 30. Kg3 h5 31. Kf2 Nf4 32. Ke3 Ne6 33. R4d2 g5 34. a3 Nf4 35. h4 b6 36. Rg1 Rg8 37. Ne2 Nxe2 38. Rxe2 Be6 39. hxg5 fxg5 40. Reg2 Kf6 41. Bd1 h4 42. f4 gxf4+ 43. Kxf4 Rxg2 44. Rxg2 h3 45. Rh2 Rh8 46. Bf3 c5 47. Be2 Bd7 48. Bf3 Rh4+ 49. Kg3 Kg5 50. Rd2 Rh6 51. Bd1 h2 52. Rxh2 Rxh2 53. Kxh2 Kf4 54. Kg2 Kxe4 55. Kf2 Kd3 0-1


[Site "https://www.chess.com"]